 Dungeon Crawl Stone Soup version 0.30-a0-782-ge64f9170bb (webtiles) character file.

Game seed: 9342590598534357070

1644 strifetoe the Cleaver (level 8, 0/49 HPs)
             Began as a Gargoyle Gladiator on Feb 18, 2023.
             Was a Follower of Makhleb.
             Slain by an orc warrior
             ... wielding a +0 scimitar
              (6 damage)
             ... on level 6 of the Dungeon.
             The game lasted 00:10:33 (5195 turns).

strifetoe the Cleaver (Gargoyle Gladiator)          Turns: 5195, Time: 00:10:33

Health: 0/49       AC: 17    Str: 21    XL:     8   Next: 99%
Magic:  8/8        EV:  8    Int:  8    God:    Makhleb [*.....]
Gold:   323        SH:  0    Dex: 11    Spells: 7/7 levels left

rFire   . . .      SeeInvis .    a - +1 war axe
rCold   . . .      Faith    .    (no shield)
rNeg    + + .      Spirit   .    w - +0 chain mail
rPois   ∞          Reflect  .    c - +1 helmet
rElec   +          Harm     .    (no cloak)
rCorr   .          Rampage  .    (no gloves)
Will    .....                    (no boots) Stlth
                                 (no amulet)
HPRegen 0.28/turn                v - ring of positive energy
MPRegen 0.11/turn                (no ring)

@: no status effects
A: sickness immunity, AC +5, negative energy resistance 1, electricity
resistance, torment resistance 1, petrification resistance
a: Renounce Religion


You were on level 6 of the Dungeon.
You worshipped Makhleb.
Makhleb was aware of your devotion.
You visited 1 branch of the dungeon, and saw 6 of its levels.
You also visited: Sewer.

You collected 323 gold pieces.

Inventory:

Hand Weapons
 a - a +1 war axe (weapon)
Missiles
 d - 2 throwing nets (quivered)
 e - a javelin
 i - 26 poisoned darts
 o - a curare-tipped dart
Armour
 b - a +0 leather armour
 c - a +1 helmet (worn)
 w - a +0 chain mail (worn)
 z - a +0 plate armour
Jewellery
 v - a ring of positive energy (left hand)
Wands
 y - a wand of mindburst (13)
Scrolls
 g - a scroll of amnesia
 h - a scroll of teleportation
 k - a scroll of acquirement {unknown}
 n - a scroll of fear
 s - a scroll of torment {unknown}
 u - a scroll of enchant weapon
Potions
 f - 2 potions of haste
 j - a potion of resistance {unknown}
 l - 5 potions of curing
 m - 2 potions of lignification {unknown}
 p - 3 potions of mutation
 q - a potion of heal wounds
 r - a potion of might {unknown}
 t - 2 potions of flight {unknown}
 x - a potion of ambrosia {unknown}


   Skills:
 - Level 5.0 Fighting
 * Level 8.7 Axes
 - Level 1.7 Throwing
 - Level 4.2 Armour
 - Level 2.4 Dodging
 + Level 2.6 Stealth


You had 7 spell levels left.
You didn't know any spells.
Your spell library contained the following spells:

 Spells                   Type           Power      Damage    Failure   Level
 Sandblast                Erth           0%         2d4       98%         1
 Passwall                 Tmut/Erth      0%         N/A       99%         2
 Scorch                   Fire           0%         2d5       99%         2
 Ozocubu's Armour         Ice            0%         N/A       100%        3
 Stone Arrow              Conj/Erth      0%         3d7       100%        3
 Flame Wave               Conj/Fire      0%         2d4       100%        4
 Summon Cactus Giant      Summ           0%         N/A       100%        6
 Ozocubu's Refrigeration  Ice            0%         4d7       100%        7


Dungeon Overview and Level Annotations

Branches:
Dungeon (6/15)             Temple (0/1) D:5           Sewer (visited)

Altars:
Sif Muna

Shops:
D:1 :


Innate Abilities, Weirdness & Mutations

You are immune to sickness and miasma.
Your stone body is resilient. (AC +5)
You are immune to poison.
You resist negative energy. (rN+)
You are resistant to electric shocks. (rElec)
You are resistant to unholy torment.
You are immune to petrification.


Message History

You kill the orc wizard!
Makhleb accepts your kill.
The orc warrior hits you with a +0 scimitar!
You hit the orc warrior but do no damage.
The orc warrior is heavily wounded.
You hit the orc. The orc hits you but does no damage.
The orc warrior closely misses you.
You slash the orc warrior!
The orc warrior is almost dead.
You barely miss the orc. The orc warrior closely misses you.
The orc barely misses you.
You barely miss the orc warrior.
The orc warrior is almost dead.
You hit the orc.
You kill the orc!
Makhleb accepts your kill.
The orc warrior hits you with a +0 scimitar!
You are too injured to fight recklessly!
You are too injured to fight recklessly!
You are too injured to fight recklessly!
You are too injured to fight recklessly!
You are too injured to fight recklessly!
You are too injured to fight recklessly!
You are too injured to fight recklessly!
You are too injured to fight recklessly!
You are too injured to fight recklessly!
You are too injured to fight recklessly!
You are too injured to fight recklessly!
You are too injured to fight recklessly!
You are too injured to fight recklessly!
You are too injured to fight recklessly!
Unknown command.
You barely miss the orc warrior. Your punch misses the orc warrior.
The orc warrior is almost dead.
The orc warrior hits you with a +0 scimitar!
* * * LOW HITPOINT WARNING * * *
You barely miss the orc warrior.
The orc warrior is almost dead.
The orc warrior hits you with a +0 scimitar.
You die...

.. .. .# .. ###. .##.
... ... .... .. ..
....###. .# #
#....#.####)##.##.
#....#...#@o...... .
#....#...'.)......
..####....##..##.......
...........#..# ....##.
...........'..# ....#
...........#..# ......
...........##+##.......
########.......#.......
#>......#....##'


You could see an orc warrior.

Vanquished Creatures
  Grinder (Sewer)
  An ice beast (D:5)
  2 black bears (D:4)
  An ogre (D:5)
  2 kobold brigands (Sewer)
  A bullfrog (D:4)
  4 scorpions
  A howler monkey (D:5)
  A quasit (Sewer)
  2 hounds (D:4)
  A jelly (D:4)
  An orc priest (D:6)
  3 iguanas
  6 orc wizards
  6 adders
  3 shadow imps (Sewer)
  An ufetubus (D:4)
  5 worms
  3 dart slugs
  11 orcs
  9 ball pythons
  6 endoplasms
  9 giant cockroaches
  7 goblins
  10 hobgoblins
  28 kobolds
  3 quokkas
  5 bats
  10 rats
143 creatures vanquished.

Vanquished Creatures (others)
  An endoplasm (Sewer)
  2 kobold zombies (Sewer)
3 creatures vanquished.

Grand Total: 146 creatures vanquished

Notes
Turn   | Place    | Note
-------+----------+-------------------------------------------
     0 | D:1      | strifetoe the Gargoyle Gladiator began the quest for the
                  | Orb.
     0 | D:1      | Reached XP level 1. HP: 12/12 MP: 1/1
    58 | D:1      | Reached skill level 3 in Axes
    63 | D:1      | Reached XP level 2. HP: 17/17 MP: 2/2
   328 | D:1      | Found a faded altar of an unknown god.
   400 | D:1      | Found Oguf's Vocational Training.
   416 | D:1      | Reached XP level 3. HP: 21/21 MP: 3/3
   734 | D:2      | Reached skill level 4 in Axes
  1029 | D:2      | Reached XP level 4. HP: 17/26 MP: 4/4
  1848 | D:3      | Found a glowing drain.
  1858 | D:3      | Reached skill level 5 in Axes
  1862 | D:3      | Reached XP level 5. HP: 2/30 MP: 5/5
  1874 | Sewer    | Entered a sewer
  1975 | Sewer    | Noticed a kobold brigand
  2003 | Sewer    | Killed a kobold brigand
  2133 | Sewer    | Found a burning altar of Makhleb.
  2175 | Sewer    | Noticed Grinder
  2176 | Sewer    | Became a worshipper of Makhleb the Destroyer
  2185 | Sewer    | Reached XP level 6. HP: 35/35 MP: 6/6
  2227 | Sewer    | Killed Grinder
  2228 | Sewer    | Reached skill level 6 in Axes
  2407 | Sewer    | Reached skill level 7 in Axes
  2407 | Sewer    | Reached XP level 7. HP: 6/40 MP: 7/7
  2980 | D:4      | Reached * piety under Makhleb
  3059 | D:4      | Reached skill level 8 in Axes
  3476 | D:4      | Reached skill level 1 in Armour
  3570 | D:4      | Reached XP level 8. HP: 10/46 MP: 8/8
  4196 | D:5      | Entered Level 5 of the Dungeon
  4276 | D:5      | Reached skill level 5 in Fighting
  4434 | D:5      | Reached skill level 1 in Stealth
  4531 | D:5      | Found a staircase to the Ecumenical Temple.
  4727 | D:5      | Found a shimmering blue altar of Sif Muna.
  5195 | D:6      | Slain by an orc warrior

Illustrated notes

Levels and vault maps discovered:
D:1:      eino_arrival_cavern_e, layout_rooms,
          ebering_ecumenical_altar_abandoned, dk_noncrumbling_2,
          nicolae_shop_vocational
D:2:      layout_basic
D:3:      layout_basic, portal_sewer_entry_e, kennysheep_nondescript
D:4:      layout_loops_cross, chequers_serial_rivers_room_a
D:5:      layout_rooms, led_sif_book, minmay_temple_entry_antechambers
D:6:      layout_gridville

Skill      XL: |  1  2  3  4  5  6  7  8 |
---------------+-------------------------+-----
Axes           | 3 4 5 7 8 |  8.7
Armour         | 1 4 |  4.2
Fighting       | 3 5 |  5.0
Stealth        | 2 |  2.6
Throwing       | |  1.7
Dodging        | |  2.4

Action                     |  1- 3 |  4- 6 |  7- 9 || total
---------------------------+-------+-------+-------++-------
  Melee: War axe           |    80 |   170 |   219 ||   469
         Punch             |       |     2 |     6 ||     8
  Throw: Throwing net      |     3 |       |     1 ||     4
         Dart              |       |       |     9 ||     9
  Evoke: Wand              |       |       |     4 ||     4
    Use: Scroll            |       |     5 |     7 ||    12
         Potion            |       |     3 |       ||     3
   Stab: Held in net/web   |     1 |       |       ||     1
         Sleeping          |     1 |       |       ||     1
 Armour: Leather armour    |    27 |   101 |    50 ||   178
         Chain mail        |       |       |   101 ||   101
  Dodge: Dodged            |    71 |   179 |   118 ||   368

Table legend: (Time is in decaauts)
 A = Elapsed time spent in this place.
 B = Non-inter-level travel time spent in this place.
 C = Inter-level travel time spent in this place.
 D = Time resting spent in this place.
 E = Time spent auto-exploring this place.
 F = Levels seen in this place.
 G = Mean time per level.
                   A        B        C        D        E       F      G
               +--------+--------+--------+--------+--------+-----+--------+
         Total |   5268 |   5125 |    143 |    918 |   2722 |   7 |  752.6 |
       Dungeon |   4553 |   4410 |    143 |    693 |   2562 |   6 |  758.8 |
         Sewer |    715 |    715 |      0 |    225 |    160 |   1 |  715.0 |
               +--------+--------+--------+--------+--------+-----+--------+

Top non-repeatable levels by time:
     D:4: 1116 daAuts
     D:2: 872 daAuts
     D:3: 854 daAuts
     D:5: 799 daAuts
   Sewer: 715 daAuts
     D:1: 706 daAuts
     D:6: 204 daAuts
